 Dungeon Crawl Stone Soup version 0.28-a0-239-g68911e0c57 (webtiles) character file.

Game seed: 3342441560653433364

118017 zazu2006 the Covert (level 16, -1/147 HPs)
             Began as a Naga Hedge Wizard on Aug 23, 2021.
             Was a High Priest of Vehumet.
             Slain by an emperor scorpion (13 damage)
             ... on level 2 of the Spider Nest.
             The game lasted 01:40:59 (28759 turns).

zazu2006 the Covert (Naga Hedge Wizard)            Turns: 28759, Time: 01:41:00

Health: -1/147     AC: 18    Str: 19    XL:     16   Next: 75%
Magic:  2/32       EV: 11    Int: 18    God:    Vehumet [*****.]
Gold:   3827       SH:  7    Dex: 14    Spells: 16/39 levels left

rFire   + . .      SeeInvis +   Q - +11 mace "Hybuujis" {flame, *Corrode rF+ rN+ Will+ Str+6}
rCold   + . .      Faith    .   S - +2 buckler {AC+3}
rNeg    + . .      Spirit   .   P - +0 steam dragon scales
rPois   +          Reflect  .   o - +0 helmet
rElec   .          Harm     .   G - +0 cloak {Will+}
rCorr   .          Rampage  .   I - +2 pair of gloves
Will    ++++.                   l - +0 barding
Stlth   ++++++....              c - amulet of regeneration
HPRegen 1.34/turn               e - ring of wizardry
MPRegen 0.23/turn               n - ring of protection from cold

@: corroded, very slow
A: AC +5, large, see invisible, deformed body, poison resistance, slowness 2,
spit poison 1, naga tail 2
a: Spit Poison, Renounce Religion


You were on level 2 of the Spider Nest.
You worshipped Vehumet.
Vehumet was extremely pleased with you.
You visited 5 branches of the dungeon, and saw 25 of its levels.
You also visited: Bailey and Ice Cave.

You collected 3827 gold pieces.

Inventory:

Hand Weapons
 A - the +8 arc blade {discharge, rElec}
   (You took it off Nikola on level 1 of the Spider Nest)

   It occasionally unleashes powerful arcs of lightning upon striking a foe.
   These may arc to other adjacent creatures (including the wielder, but dealing
   reduced damage to them) before grounding out.
   rElec:     It insulates you from electricity.
 Q - the +11 mace "Hybuujis" (weapon) {flame, *Corrode rF+ rN+ Will+ Str+6}
   (You found it on level 9 of the Dungeon)

   It burns those it strikes, dealing additional fire damage.
   Str:       It affects your strength (+6).
   rF:        It protects you from fire.
   rN:        It protects you from negative energy.
   *Corrode:  It may corrode you when you take damage.
   Will:      It increases your willpower.
Missiles
 u - a throwing net
Armour
 l - a +0 barding (worn)
 o - a +0 helmet (worn)
 x - a +0 kite shield of reflection
 C - a +1 cloak of poison resistance
 G - a +0 cloak of willpower (worn)
 I - a +2 pair of gloves (worn)
 P - +0 steam dragon scales (worn)
 S - a +2 buckler of protection (worn)
 V - a +2 pair of gloves
Jewellery
 c - an amulet of regeneration (around neck)
 e - a ring of wizardry (left hand)
 i - a ring of protection from cold
 n - a ring of protection from cold (right hand)
 t - a ring of ice
Wands
 m - a wand of flame (6)
 v - a wand of mindburst (18)
 w - a wand of polymorph (32)
 H - a wand of iceblast (8)
 M - a wand of acid (4)
 X - a wand of digging (5)
Scrolls
 a - 5 scrolls of magic mapping
 g - 6 scrolls of teleportation
 h - 3 scrolls of noise {unknown}
 q - a scroll of brand weapon
 r - 3 scrolls of fear {unknown}
 y - a scroll of acquirement
 D - 2 scrolls of enchant armour {unknown}
 E - 3 scrolls of holy word
 J - a scroll of identify
 K - 4 scrolls of amnesia {unknown}
 L - 6 scrolls of fog {unknown}
 O - 2 scrolls of torment
 U - a scroll of enchant weapon
 W - 2 scrolls of blinking
 Z - a scroll of immolation
Potions
 b - 8 potions of ambrosia
 d - 5 potions of heal wounds
 f - a potion of mutation
 j - 5 potions of might
 k - 9 potions of curing {unknown}
 p - 2 potions of haste
 s - a potion of cancellation {unknown}
 z - a potion of lignification
 B - 2 potions of magic
 F - 2 potions of resistance
 N - 3 potions of attraction
 R - 2 potions of flight
 T - 3 potions of brilliance {unknown}
 Y - a potion of invisibility


   Skills:
 + Level 10.4 Fighting
 + Level 11.0 Maces & Flails
 + Level 4.5 Armour
 + Level 9.0 Dodging
 + Level 14.9 Stealth
 + Level 4.2 Shields
 + Level 12.4 Spellcasting
 + Level 10.6 Conjurations
 + Level 1.0 Summonings
 + Level 4.7 Translocations
 + Level 3.6 Fire Magic
 + Level 6.6 Air Magic
 + Level 5.2 Earth Magic
 - Level 5.0 Poison Magic
 + Level 1.0 Evocations


You had 16 spell levels left.
You knew the following spells:

 Your Spells              Type           Power      Damage    Failure   Level
a - Magic Dart            Conj           100%       1d8       1%          1
b - Mephitic Cloud        Conj/Pois/Air  37%        N/A       1%          3
c - Conjure Flame         Conj/Fire      37%        6-21      1%          3
d - Blink                 Tloc           N/A        N/A       1%          2
e - Stone Arrow           Conj/Erth      78%        3d11      1%          3
f - Bolt of Magma         Conj/Fire/Erth 17%        4d9       1%          5
g - Iron Shot             Conj/Erth      19%        9d4       4%          6

Your spell library contained the following spells:

 Spells                   Type           Power      Damage    Failure   Level
 Conjure Ball Lightning   Conj/Air       21%        3x3d6     3%          6
 Searing Ray              Conj           98%        3d7       1%          2
 Static Discharge         Conj/Air       42%        N/A       1%          2
 Gell's Gravitas          Tloc           14%        N/A       1%          3
 Lesser Beckoning         Tloc           14%        N/A       1%          3
 Teleport Other           Tloc           28%        N/A       1%          3
 Fulminant Prism          Conj/Hex       15%        3d11      1%          4
 Freezing Cloud           Conj/Ice/Air   15%        6-21      1%          5
 Lightning Bolt           Conj/Air       21%        1d36      1%          5
 Animate Skeleton         Necr           22%        N/A       2%          1
 Pain                     Necr           44%        1d6       2%          1
 Call Imp                 Summ           14%        N/A       2%          2
 Passage of Golubria      Tloc           N/A        N/A       3%          4
 Slow                     Hex            11%        N/A       4%          2
 Sublimation of Blood     Necr           5%         N/A       4%          2
 Wereblood                Tmut           11%        N/A       4%          2
 Summon Guardian Golem    Hex/Summ       13%        N/A       6%          3
 Animate Armour           Summ/Erth      44%        N/A       7%          4
 Ozocubu's Armour         Ice            11%        N/A       8%          3
 Tukima's Dance           Hex            11%        N/A       8%          3
 Vampiric Draining        Necr           5%         2d6       8%          3
 Orb of Destruction       Conj           24%        9d10      8%          7
 Leda's Liquefaction      Hex/Erth       10%        N/A       9%          4
 Manifold Assault         Tloc           28%        N/A       10%         5
 Silence                  Hex/Air        11%        N/A       17%         5
 Yara's Violent Unravell  Hex/Tmut       5%         3d4       17%         5
 Spellforged Servitor     Conj/Summ      16%        N/A       41%         7
 Dispersal                Tloc           14%        N/A       45%         6
 Blade Hands              Tmut           5%         N/A       52%         5
 Metabolic Englaciation   Hex/Ice        5%         N/A       52%         5
 Statue Form              Tmut/Erth      13%        N/A       75%         6
 Lehudib's Crystal Spear  Conj/Erth      19%        10d6      75%         8
 Maxwell's Capacitive Co  Air            17%        ∞         89%         8
 Simulacrum               Ice/Necr       5%         N/A       97%         6
 Malign Gateway           Summ/Tloc      10%        N/A       99%         7
 Summon Hydra             Summ           7%         N/A       100%        7
 Summon Horrible Things   Summ           7%         N/A       100%        8
 Polar Vortex             Ice            5%         N/A       100%        9


Dungeon Overview and Level Annotations

Branches:
Dungeon (14/15)            Temple (1/1) D:5            Lair (6/6) D:8
 Shoals (0/4) Lair:3       Spider (2/4) Lair:3        Slime (0/5) Lair:6
    Orc (2/2) D:9             Elf (0/3) Orc:2        Vaults (0/5) D:13
 Bailey (visited)           IceCv (visited)

Altars:
Ashenzari
Cheibriados
Dithmenos
Elyvilon
Gozag
Kikubaaqudgha
Nemelex Xobeh
Qazlal
Ru
Sif Muna
Trog
Uskayaw
Vehumet
Wu Jian
Xom
Yredelemnul
The Shining One
Beogh
Jiyva

Shops:
D:5 =   D:10 *   D:11 *   Orc:2 *(:[

Portals:
Trove: D:10 (show slimy rune of Zot)

Annotations:
D:7 3 runed translucent doors, omnomnOMINOUS's ghost, novice OpWn
D:12 1 runed translucent door, Diph's ghost, journeyman TrFi


Innate Abilities, Weirdness & Mutations

Your serpentine skin is tough. (AC +5)
You have supernaturally acute eyesight. (SInv)
Armour fits poorly on your strangely shaped body.
Your system is resistant to poisons. (rPois)
You cover ground very slowly.
You can spit poison.
You can use your snake-like lower body to constrict enemies.


Message History

The emperor scorpion is almost dead.
The emperor scorpion stings you but does no damage.
The emperor scorpion barely misses you.
The emperor scorpion claws you but does no damage.
Something bites the orb spider.
You hit the emperor scorpion but do no damage.
The emperor scorpion is almost dead.
The emperor scorpion stings you but does no damage.
The emperor scorpion claws you!
* * * LOW HITPOINT WARNING * * *
The emperor scorpion barely misses you.
Unknown command.
Unknown command.
You closely miss the emperor scorpion.
The emperor scorpion is almost dead.
The emperor scorpion stings you!
* * * LOW HITPOINT WARNING * * *
The emperor scorpion claws you but does no damage.
You block the emperor scorpion's attack.
The orb spider bites the wolf spider.
The tarantella bites the orb spider.
The orb spider appears confused.
The tarantella bites itself!
Unknown command.
You closely miss the emperor scorpion.
The emperor scorpion is almost dead.
The orb spider bites the tarantella but does no damage.
The emperor scorpion stings you!
* * * LOW HITPOINT WARNING * * *
The emperor scorpion claws you but does no damage.
The emperor scorpion completely misses you.
Aiming: Corrosive Bolt
Press: ? - help, Shift-Dir - straight line, f/p - emperor scorpion
Aim: an emperor scorpion (almost dead, 64% to hit)
The bolt of acid hits the emperor scorpion but does no damage.
The emperor scorpion is almost dead.
The bolt of acid hits the wolf spider!
The wolf spider is splashed with acid!
The acid corrodes the wolf spider!
The wolf spider is moderately wounded.
The tarantella barely misses the orb spider.
The emperor scorpion stings you!
You die...

#........##...... ##
#..####.........#......
..##.....s........††# ....
...#...###..........###..s
...... #.....†..^..##
......####.s†s........##
..#.....###s<.....(....#
.#......##sss........##..
#........@##.........# ###
..........##........##
#.........###......##
##.........##......#
#....†....###....#..
#......†...##....##..
##........#..#.### ..
##...<††##...# #....###
..#


You could see an emperor scorpion, a wolf spider (corroded), an orb spider
(charged, confused) and 3 tarantellas.

Vanquished Creatures
  Nikola (Spider:1)
  Agnes (Spider:1)
  An azure jelly (IceCv)
  Donald (Orc:1)
  3 orc warlords
  2 quicksilver oozes (IceCv)
  Nessos (D:12)
  An entropy weaver (Spider:2)
  Josephine (Lair:6)
  A rakshasa (D:13)
  8 hydras
  Erolcha (D:10)
  6 centaur warriors
  4 boulder beetles
  2 dancing weapons (D:13)
  4 two-headed ogres
  5 tengu warriors
  2 catoblepae (Lair:6)
  An orc high priest (Orc:2)
  14 death yaks
  A spectral dire elephant (Lair:6)
  Nergalle (Orc:2)
  A spectral anaconda (Lair:6)
  A wizard (D:14)
  Pikel (D:8)
  An obsidian statue (Lair:6)
  4 deep elf pyromancers
  5 orc knights
  5 wolf spiders
  5 orb spiders
  2 necromancers (Lair:6)
  6 orc sorcerers
  A manticore (D:11)
  10 ugly things
  A cyclops (D:13)
  19 elephants
  4 black mambas
  Maurice (D:8)
  2 ice statues (IceCv)
  A dire elephant zombie (Lair:6)
  10 cane toads
  3 unseen horrors
  Maggie (Lair:2)
  5 rime drakes
  A kobold demonologist (D:5)
  3 demonic crawlers (Spider:1)
  5 entropy weaver simulacra (IceCv)
  3 komodo dragons
  2 tengu conjurers
  A guardian mummy (D:10)
  A meliai (D:8)
  14 jumping spiders
  4 polar bears
  3 trolls
  20 slime creatures
  Prince Ribbit (D:8)
  15 blink frogs
  27 redbacks
  37 yaks
  A shadow (D:11)
  8 wraiths
  Sigmund (D:6)
  12 tarantellas
  3 basilisks
  2 steam dragons
  4 wargs
  Menkaure (D:6)
  2 spectral cane toads (Lair:6)
  A death yak simulacrum (Lair:6)
  An acid dragon (D:12)
  16 water moccasins
  2 demonic crawler simulacra (IceCv)
  44 orc warriors
  2 elephant zombies (Lair:6)
  2 ice beasts
  3 ugly thing simulacra (IceCv)
  6 ogres
  3 black bears
  18 wolves
  13 centaurs
  An elephant skeleton (Lair:6)
  4 lemures (D:8)
  A phantom (D:6)
  3 kobold brigands
  Blork the orc (Orc:2)
  15 bullfrogs
  3 gnoll sergeants
  4 scorpions
  3 glowing shapeshifter simulacra (IceCv)
  2 cane toad simulacra (Lair:6)
  29 killer bees
  5 wights
  7 electric eels
  An elephant simulacrum (Lair:6)
  A bullfrog zombie (D:7)
  6 howler monkeys
  4 centaur zombies
  5 hounds
  Crazy Yiuf (D:6)
  22 orc priests
  A scorpion zombie (D:5)
  3 centaur skeletons
  A gnoll shaman (D:10)
  Terence (D:2)
  2 iguanas
  19 orc wizards
  A howler monkey zombie (D:8)
  18 gnolls
  6 adders
  A shadow imp (D:7)
  2 white imps
  An adder zombie (D:5)
  3 worms
  4 dart slugs
  76 orcs
  2 ball pythons
  A bat (D:3)
  8 endoplasms
  8 hobgoblins
  6 jackals
  24 kobolds
  2 quokkas (D:5)
  6 frilled lizards
  13 goblins
  6 rats
766 creatures vanquished.

Vanquished Creatures (collateral kills)
  2 killer bees
2 creatures vanquished.

Vanquished Creatures (others)
  A necromancer (Lair:6)
  A wolf spider (Spider:2)
  A queen bee (Lair:3)
  A demonic crawler simulacrum (IceCv)
  An orc warrior (D:9)
  4 ugly thing simulacra (IceCv)
  A killer bee (Lair:3)
  An electric eel (D:10)
  An orc priest (Orc:1)
  An orc (D:9)
  45 fungi
  71 plants
  20 withered plants (Lair:6)
149 creatures vanquished.

Grand Total: 917 creatures vanquished

Notes
Turn   | Place    | Note
-------+----------+-------------------------------------------
     0 | D:1      | zazu2006 the Naga Hedge Wizard began the quest for the Orb.
     0 | D:1      | Reached XP level 1. HP: 15/15 MP: 4/4
   310 | D:1      | Reached XP level 2. HP: 22/22 MP: 1/6
   400 | D:1      | Found a faded altar of an unknown god.
  1308 | D:2      | Reached XP level 3. HP: 21/28 MP: 0/8
  1316 | D:2      | Learned a level 3 spell: Mephitic Cloud
  1320 | D:2      | Learned a level 3 spell: Conjure Flame
  1323 | D:2      | Learned a level 2 spell: Blink
  1585 | D:2      | Noticed Terence
  1628 | D:2      | Killed Terence
  1925 | D:2      | Reached XP level 4. HP: 32/36 MP: 8/10
  2279 | D:2      | Found a glowing golden altar of the Shining One.
  2657 | D:3      | Noticed a scorpion
  2661 | D:3      | Killed a scorpion
  2662 | D:3      | Reached XP level 5. HP: 38/42 MP: 9/11
  3012 | D:3      | Learned a level 3 spell: Stone Arrow
  3713 | D:3      | Noticed a water moccasin
  3727 | D:3      | Killed a water moccasin
  3728 | D:3      | Reached skill level 4 in Stealth
  3728 | D:3      | Reached skill level 5 in Spellcasting
  3728 | D:3      | Reached skill level 1 in Poison Magic
  3728 | D:3      | Reached XP level 6. HP: 25/50 MP: 1/13
  4686 | D:4      | Found a sparkling altar of Nemelex Xobeh.
  4748 | D:5      | Entered Level 5 of the Dungeon
  4748 | D:5      | Noticed a water moccasin
  4764 | D:5      | Killed a water moccasin
  4765 | D:5      | Reached skill level 1 in Armour
  4765 | D:5      | Reached XP level 7. HP: 56/56 MP: 12/14
  4784 | D:5      | Reached skill level 1 in Fighting
  4981 | D:5      | Noticed a kobold demonologist
  5381 | D:5      | Reached XP level 8. HP: 57/59 MP: 12/16
  5491 | D:5      | Found Inwoikh's Jewellery Boutique.
  5493 | D:5      | Found a staircase to the Ecumenical Temple.
  5503 | D:5      | Killed a kobold demonologist
  5529 | Temple   | Entered the Ecumenical Temple
  5648 | Temple   | Became a worshipper of Vehumet
  5905 | D:6      | Reached skill level 5 in Stealth
  5921 | D:6      | Reached skill level 5 in Poison Magic
  5922 | D:6      | Noticed Menkaure
  6126 | D:6      | Reached XP level 9. HP: 68/76 MP: 16/18
  6547 | D:6      | Killed Menkaure
  6604 | D:6      | Noticed Sigmund
  6627 | D:6      | Killed Sigmund
  6828 | D:6      | Found a runed translucent door.
  6829 | D:6      | Noticed Crazy Yiuf
  6979 | D:6      | Killed Crazy Yiuf
  7084 | D:7      | Reached * piety under Vehumet
  7084 | D:7      | Offered knowledge of Sandblast by Vehumet.
  7095 | D:7      | Identified the +0 leather armour of the Curious Planets
                  | {Int-4 Dex+8}
  7325 | D:7      | Reached skill level 6 in Stealth
  7571 | D:7      | Noticed a two-headed ogre
  7586 | D:7      | Killed a two-headed ogre
  7587 | D:7      | Reached skill level 5 in Conjurations
  7587 | D:7      | Reached skill level 1 in Fire Magic
  7765 | D:7      | Reached XP level 10. HP: 87/87 MP: 20/20
  7882 | D:7      | Found a runed translucent gate.
  7882 | D:7      | Found a runed translucent gate.
  7882 | D:7      | Found a runed translucent gate.
  7884 | D:7      | Noticed omnomnOMINOUS's ghost (novice OpWn)
  8458 | D:7      | Reached skill level 5 in Fighting
  8526 | D:8      | Found a staircase to the Lair.
  8665 | D:8      | Reached skill level 7 in Stealth
  8685 | D:8      | Noticed Prince Ribbit
  8686 | D:8      | Noticed Maurice
  8694 | D:8      | Killed Prince Ribbit
  8695 | D:8      | Reached skill level 1 in Air Magic
  8712 | D:8      | Killed Maurice
  8865 | D:8      | Noticed Pikel
  8924 | D:8      | Killed Pikel
  8925 | D:8      | Reached skill level 5 in Dodging
  9089 | D:8      | Noticed a seven-headed hydra
  9089 | D:8      | Noticed a centaur warrior
  9133 | D:8      | Reached skill level 8 in Stealth
  9306 | D:8      | Noticed a tengu warrior
  9342 | D:8      | HP: 3/88 [troll (8)]
  9404 | Lair:1   | Entered Level 1 of the Lair of Beasts
  9757 | Lair:1   | Noticed a five-headed hydra
  9767 | Lair:1   | Killed a five-headed hydra
  9768 | Lair:1   | Reached XP level 11. HP: 83/97 MP: 11/23
  9953 | Lair:1   | Reached skill level 1 in Earth Magic
 10799 | Lair:1   | Offered knowledge of Poisonous Vapours by Vehumet.
 10804 | Lair:1   | Reached ** piety under Vehumet
 10923 | Lair:2   | Reached skill level 9 in Stealth
 11468 | Lair:2   | Reached skill level 10 in Stealth
 11588 | Lair:2   | Reached XP level 12. HP: 89/106 MP: 7/25
 11700 | Lair:2   | Noticed Maggie
 11868 | Lair:2   | Killed Maggie
 11869 | Lair:2   | Reached skill level 10 in Spellcasting
 12269 | D:8      | Killed a tengu warrior
 12289 | D:8      | Killed a centaur warrior
 12289 | D:8      | Offered knowledge of Searing Ray by Vehumet.
 12377 | D:8      | Killed a seven-headed hydra
 12713 | D:9      | Reached *** piety under Vehumet
 12853 | D:9      | Reached skill level 11 in Stealth
 13049 | D:9      | Identified the +11 mace "Hybuujis" {flame, *Corrode rF+ rN+
                  | Will+ Str+6}
 13527 | D:9      | Found a staircase to the Orcish Mines.
 13591 | D:10     | Entered Level 10 of the Dungeon
 13598 | D:10     | Noticed a tengu warrior
 13604 | D:10     | Reached skill level 1 in Maces & Flails
 13729 | D:10     | Killed a tengu warrior
 13909 | D:10     | Offered knowledge of Airstrike by Vehumet.
 14290 | D:10     | Found a portal to a secret trove of treasure.
 14353 | D:10     | Noticed Erolcha
 14366 | D:10     | Killed Erolcha
 14436 | D:10     | Found Xacat's General Store.
 14988 | D:11     | Noticed a centaur warrior
 14996 | D:11     | Killed a centaur warrior
 14997 | D:11     | Reached skill level 1 in Shields
 15033 | D:11     | Noticed a two-headed ogre
 15044 | D:11     | Killed a two-headed ogre
 15045 | D:11     | Gained mutation: You can use your snake-like lower body to
                  | constrict enemies. [Naga growth]
 15045 | D:11     | Reached XP level 13. HP: 90/115 MP: 18/27
 15474 | D:11     | Found Urchulad's Assorted Antiques.
 15763 | D:12     | Reached **** piety under Vehumet
 15811 | D:12     | Noticed Nessos
 15846 | D:12     | Offered knowledge of Inner Flame by Vehumet.
 15854 | D:12     | Killed Nessos
 15870 | D:12     | Found a flagged portal.
 15902 | Bailey   | Entered a bailey
 15918 | Bailey   | Reached skill level 5 in Maces & Flails
 15926 | Bailey   | Reached skill level 12 in Stealth
 15955 | Bailey   | Identified the +8 great sword "Aciam" {flame, Fragile Str-2
                  | SInv Stlth+}
 16047 | D:12     | Found a frozen archway.
 16053 | IceCv    | Entered an ice cave
 16249 | IceCv    | Learned a level 5 spell: Bolt of Magma
 16626 | IceCv    | Noticed a quicksilver ooze
 16745 | IceCv    | Killed a quicksilver ooze
 16748 | IceCv    | Noticed a quicksilver ooze
 16752 | IceCv    | Killed a quicksilver ooze
 16840 | IceCv    | Found a viscous altar of Jiyva.
 16840 | IceCv    | Noticed an azure jelly
 16859 | IceCv    | Killed an azure jelly
 17083 | IceCv    | Reached XP level 14. HP: 106/124 MP: 29/29
 17088 | IceCv    | Identified the +1 robe of Tenacity {rElec rPois Dex+3}
 17093 | IceCv    | Identified the +8 tower shield of the Pits of Slime {+Blink
                  | rPois}
 17475 | D:12     | Reached skill level 5 in Air Magic
 17954 | D:12     | Found a runed translucent door.
 17954 | D:12     | Found a shimmering altar of Xom.
 17954 | D:12     | Noticed Diph's ghost (journeyman TrFi)
 18289 | D:13     | Found a gate to the Vaults.
 18797 | D:13     | Reached ***** piety under Vehumet
 18797 | D:13     | Offered knowledge of Irradiate by Vehumet.
 19521 | D:14     | Found a shimmering altar of Xom.
 19524 | D:14     | Found a stormy altar of Qazlal.
 19524 | D:14     | Found a broken altar of Ashenzari.
 19526 | D:14     | Found a shimmering altar of Xom.
 19526 | D:14     | Found an ancient bone altar of Kikubaaqudgha.
 19526 | D:14     | Found a sparkling altar of Nemelex Xobeh.
 20364 | Lair:3   | Found a hole to the Spider Nest.
 20527 | Lair:3   | Reached skill level 13 in Stealth
 20606 | Lair:3   | Offered knowledge of Hailstorm by Vehumet.
 20886 | Lair:3   | Found a staircase to the Shoals.
 20929 | Lair:3   | Reached XP level 15. HP: 96/134 MP: 14/30
 21711 | Lair:4   | Reached skill level 10 in Conjurations
 22985 | Lair:6   | Entered Level 6 of the Lair of Beasts
 23263 | Lair:6   | Noticed Josephine
 23292 | Lair:6   | Killed Josephine
 24055 | Lair:6   | Learned a level 6 spell: Iron Shot
 24310 | Lair:6   | Found a viscous altar of Jiyva.
 24310 | Lair:6   | Found a staircase to the Slime Pits.
 24397 | Lair:6   | Reached skill level 14 in Stealth
 24660 | Lair:6   | Offered knowledge of Lee's Rapid Deconstruction by Vehumet.
 25211 | Orc:1    | Entered Level 1 of the Orcish Mines
 25245 | Orc:1    | Noticed an orc warlord
 25285 | Orc:1    | Killed an orc warlord
 25286 | Orc:1    | Reached skill level 10 in Maces & Flails
 25308 | Orc:1    | Reached XP level 16. HP: 57/145 MP: 15/32
 25715 | Orc:2    | Entered Level 2 of the Orcish Mines
 25726 | Orc:2    | Found a staircase to the Elven Halls.
 25785 | Orc:2    | Noticed Donald
 25897 | Orc:1    | Killed Donald
 25986 | Orc:2    | Reached skill level 10 in Fighting
 26139 | Orc:2    | Reached skill level 5 in Earth Magic
 26541 | Orc:2    | Noticed Blork the orc
 26555 | Orc:2    | Offered knowledge of Fireball by Vehumet.
 26556 | Orc:2    | Reached skill level 1 in Evocations
 26559 | Orc:2    | Killed Blork the orc
 26679 | Orc:2    | Noticed Nergalle
 26684 | Orc:2    | Found Kinifi Quyrr's General Store.
 26690 | Orc:2    | Killed Nergalle
 26715 | Orc:2    | Found Kusmi's Book Shoppe.
 26884 | Orc:2    | Found Qoisir's Antique Weapon Shoppe.
 26900 | Orc:2    | Found Qamos's Antique Armour Shoppe.
 27352 | Spider:1 | Entered Level 1 of the Spider Nest
 27367 | Spider:1 | Identified a scroll of acquirement
 27473 | Spider:1 | Noticed Nikola
 27498 | Spider:1 | Killed Nikola
 27617 | Spider:1 | Noticed Agnes
 27680 | Spider:1 | Killed Agnes
 28416 | Spider:1 | Offered knowledge of Conjure Ball Lightning by Vehumet.
 28759 | Spider:2 | Slain by an emperor scorpion

Illustrated notes

Levels and vault maps discovered:
D:1:      minmay_arrival_stair_chambers, layout_basic,
          hellmonk_ecumenical_altar_arch_garden
D:2:      minmay_skewed_foursquare, layout_rooms, basic_altar, serial_glass,
          glass_columns_a, glass_columns_a, uniq_terence
D:3:      layout_basic, kennysheep_boxes
D:4:      layout_loops_ring, nemelex_dance_club_becter
D:5:      layout_cave_pools, minmay_temple_entry_proselytizer, serial_shops,
          shop_statue
D:6:      layout_cave_pools, minmay_misc_feat_secret_circle,
          uniq_crazy_yiuf_cottage, uniq_menkaure, uniq_sigmund
D:7:      layout_basic, ebering_ghost_rock_garden
D:8:      layout_cave_pools, dpeg_oklobed_lair, minmay_shattered_shrine,
          uniq_pikel, uniq_maurice, uniq_prince_ribbit1
D:9:      layout_irregular_city, david_orc_4, minivault_1
D:10:     erik_rubicon_b, layout_rooms, serial_shops, nicolae_shop_trees,
          nicolae_trove_entry_path_of_doom, uniq_erolcha
D:11:     layout_roguey, serial_shops, nicolae_lakefront_shop, st_stairs_2
D:12:     layout_layer_cave, portal_ice_cave_rime, ebering_ghost_xom,
          enter_bailey_4, uniq_nessos
D:13:     layout_roguey, erik_vaults_1
D:14:     layout_basic, doesnt_xom_only_xom
Temple:   kilobyte_greek_temple
Lair:1:   layout_hall_layers
Lair:2:   layout_hall_layers, uniq_maggie
Lair:3:   layout_hall_layers, minmay_shoals_entry_centaurs,
          nicolae_spider_entry_tight_spaces, special_room [special_room_bee],
          forest_entry_grove
Lair:4:   layout_regular_city, serial_bayou_shore_b
Lair:5:   layout_loops_ring
Lair:6:   due_jungle_book, layout_loops_ring, slime_altar_1,
          eino_small_chamber_without_monster, infiniplex_staircase_pool_2,
          uniq_josephine
Spider:1: layout_spider_delve, hangedman_spider_tarantella_strand, uniq_nikola,
          uniq_agnes
Spider:2: layout_chambers
Orc:1:    layout_caves
Orc:2:    grunt_orc_cross, layout_caves, uniq_donald

Skill      XL: |  1  2  3  4  5  6  7  8  9 10 11 12 13 14 15 16 |
---------------+-------------------------------------------------+-----
Spellcasting   | 4 5 6 7 8 9 10 11 12 | 12.4
Conjurations   | 2 3 4 5 7 8 9 10 | 10.6
Dodging        | 2 3 4 5 6 7 8 9 |  9.0
Stealth        | 4 5 6 8 10 11 12 13 14 | 14.9
Poison Magic   | 1 2 3 5 |  5.0
Armour         | 1 2 3 4 |  4.5
Fighting       | 1 3 4 5 6 7 8 9 10 | 10.4
Translocations | 2 3 4 |  4.7
Fire Magic     | 1 2 3 |  3.6
Air Magic      | 2 3 4 5 6 |  6.6
Earth Magic    | 1 2 3 4 5 |  5.2
Maces & Flails | 3 6 8 10 11 | 11.0
Shields        | 1 3 4 |  4.2
Evocations     | 1 |  1.0
Summonings     | |  1.0

Action                   |  1- 3 |  4- 6 |  7- 9 | 10-12 | 13-15 | 16-18 || total
-------------------------+-------+-------+-------+-------+-------+-------++-------
Melee: Dagger            |     9 |       |    82 |   470 |       |       ||   561
       Short sword       |       |    48 |   210 |       |       |       ||   258
       Unarmed           |       |       |    18 |       |       |       ||    18
       Mace              |       |       |       |    75 |  1070 |   410 ||  1555
       Constrict         |       |       |       |       |   155 |    92 ||   247
 Cast: Magic Dart        |    57 |   137 |   136 |    86 |    41 |    12 ||   469
       Mephitic Cloud    |     1 |       |    11 |   111 |    98 |    61 ||   282
       Blink             |       |       |     9 |    14 |    35 |     8 ||    66
       Conjure Flame     |       |       |     4 |     6 |    20 |     1 ||    31
       Stone Arrow       |       |       |     6 |    82 |    83 |     2 ||   173
       Bolt of Magma     |       |       |       |       |    33 |    10 ||    43
       Iron Shot         |       |       |       |       |     3 |     8 ||    11
 Abil: Spit Poison       |    16 |    16 |     7 |    51 |    10 |    10 ||   110
Evoke: Wand              |       |       |       |     2 |     2 |     8 ||    12
  Use: Scroll            |       |       |       |     3 |    12 |     7 ||    22
       Potion            |       |       |       |     1 |     3 |       ||     4
 Stab: Sleeping          |       |     1 |     2 |     7 |    14 |     2 ||    26
       Confused          |       |       |     6 |    54 |    40 |    35 ||   135
       Petrified         |       |       |       |       |     8 |       ||     8
       Petrifying        |       |       |       |       |     5 |       ||     5
Armor: Robe              |     3 |     2 |       |       |       |       ||     5
       Leather armour    |       |    32 |   172 |   253 |       |       ||   457
       Steam dragon scal |       |       |       |   151 |   673 |   251 ||  1075
Dodge: Dodged            |    11 |    36 |   196 |   335 |   518 |   238 ||  1334
Block: Buckler           |       |       |       |       |   300 |   173 ||   473

Table legend: (Time is in decaauts)
 A = Elapsed time spent in this place.
 B = Non-inter-level travel time spent in this place.
 C = Inter-level travel time spent in this place.
 D = Time resting spent in this place.
 E = Time spent auto-exploring this place.
 F = Levels seen in this place.
 G = Mean time per level.
                   A        B        C        D        E       F      G
               +--------+--------+--------+--------+--------+-----+--------+
         Total |  35559 |  33765 |   1794 |   3174 |  21076 |  27 | 1317.0 |
       Dungeon |  19635 |  18713 |    922 |   1048 |  13520 |  14 | 1402.5 |
        Temple |    211 |    166 |     45 |      0 |    160 |   1 |  211.0 |
          Lair |  10084 |   9419 |    665 |   1180 |   5227 |   6 | 1680.7 |
   Spider Nest |   1696 |   1614 |     82 |    284 |    757 |   2 |  848.0 |
  Orcish Mines |   2446 |   2368 |     78 |    186 |   1339 |   2 | 1223.0 |
        Bailey |    145 |    145 |      0 |      0 |      0 |   1 |  145.0 |
      Ice Cave |   1340 |   1340 |      0 |    475 |     71 |   1 | 1340.0 |
               +--------+--------+--------+--------+--------+-----+--------+

Top non-repeatable levels by time:
  Lair:6: 2372 daAuts
     D:3: 1899 daAuts
  Lair:1: 1891 daAuts
  Lair:3: 1799 daAuts
    D:12: 1722 daAuts
     D:7: 1712 daAuts
     D:8: 1711 daAuts
     D:1: 1624 daAuts
   Orc:2: 1586 daAuts
  Lair:2: 1571 daAuts
    D:10: 1537 daAuts
Spider:1: 1466 daAuts
     D:9: 1444 daAuts
   IceCv: 1340 daAuts
     D:2: 1323 daAuts
